 Dungeon Crawl Stone Soup version 0.28-a0-845-gfc338a8e3c (webtiles) character file.

Game seed: 118930927360605826

135 spiderkeys the Ducker (level 4, -1/28 HPs)
             Began as a Deep Elf Abyssal Knight on Nov 13, 2021.
             Was a Follower of Lugonu.
             Slain by a goblin (3 damage)
             ... led by Robin
             ... on level 2 of the Dungeon.
             The game lasted 00:05:20 (3178 turns).

spiderkeys the Ducker (Deep Elf Abyssal Knight)     Turns: 3178, Time: 00:05:21

Health: -1/28      AC:  5    Str: 10    XL:     4   Next: 96%
Magic:  7/7        EV: 13    Int: 15    God:    Lugonu [*.....]
Gold:   112        SH:  0    Dex: 16    Spells: 2/3 levels left

rFire   . . .      SeeInvis .   b - +5 hunting sling (freeze)
rCold   . . .      Faith    .   (no shield)
rNeg    . . .      Spirit   .   d - +0 leather armour
rPois   .          Reflect  .   (no helmet)
rElec   .          Harm     .   (no cloak)
rCorr   .          Rampage  .   (no gloves)
Will    .....                   (no boots)
Stlth   ++........              (no amulet)
HPRegen 0.09/turn               (no ring)
MPRegen 0.10/turn               (no ring)

@: no status effects
A: iridescent scales 1, low mp 1, screaming 2
a: Renounce Religion, Depart the Abyss


You were on level 2 of the Dungeon.
You worshipped Lugonu.
Lugonu was aware of your devotion.
You visited 1 branch of the dungeon, and saw 3 of its levels.
You visited the Abyss 1 time.

You collected 112 gold pieces.


Innate Abilities, Weirdness & Mutations

You are partially covered in iridescent scales. (AC +2)
Your magical capacity is low. (-10% MP)
You frequently scream uncontrollably at your foes.


   Skills:
 + Level 3.0 Fighting
 + Level 2.8 Short Blades
 - Level 0.8 Armour
 + Level 3.5 Dodging
 + Level 2.4 Stealth
 + Level 3.0 Invocations


You had 2 spell levels left.
You knew the following spells:

 Your Spells              Type           Power      Damage    Failure   Level
a - Apportation           Tloc           0%         N/A       36%         1

Your spell library contained the following spells:

 Spells                   Type           Power      Damage    Failure   Level
 Sting                    Tmut/Pois      0%         1d3       36%         1
 Poisonous Vapours        Pois/Air       0%         N/A       50%         2
 Olgreb's Toxic Radiance  Pois           0%         N/A       98%         4

Inventory:

Hand Weapons
 a - a +0 short sword of venom
   (You found it on level 1 of the Dungeon)
 b - a +5 hunting sling of freezing (weapon)
   (You acquired it on level 2 of the Abyss)
Missiles
 c - 21 arrows
 h - 24 stones (quivered ammo)
 j - 14 sling bullets
Armour
 d - a +0 leather armour (worn)

Dungeon Overview and Level Annotations

Branches:
Dungeon (3/15)

Altars:

Annotations:
D:2 Natasha, Robin

*,,,,,##.(..........##...######.
*,,,,,(....,....................
*,,,,,#....,........####.†......
**,.,,,#....,........####.##.###.
,**.(###.#.#*##............#...#.
,,,.(......###################.#.
,*,.##...........).,,,,,* #...
,*,......Bg.###########.* ####
,,,....#...gghgg@g.....(*
***.*#....#g5g##########* #####
,,,...........# ##...## ##...##
,**.##..#...†.####.....###.....##
,**>............#.......#...)...#
***.##..........#.......#.......#
* *,,...#####...#.......#.^.....#
* ***###* #.####.....###.....## *
#.# ##...## ##.).##


You could see an iron imp (summoned), Natasha (inner flame), a giant cockroach,
2 hobgoblins and 6 goblins.


Message History

The goblins go into a battle-frenzy!
As you read the scroll labelled SICRUW VALO, it crumbles to dust.
The creatures around you are filled with an inner flame!
It was a scroll of immolation.
Natasha casts a spell.
The hobgoblin misses you.
A hobgoblin comes into view.
A goblin comes into view. It is wielding a +0 dagger.
The goblin hits you with a +0 club.
* * * LOW HITPOINT WARNING * * *
😨 HP[-3]
You take 3 damage, and now have 12/28 hp.
Okay, then.
Okay, then.
Fire: 26 stones
Press: ? - help, Q - select action, (/) - cycle Shift-Dir - straight line, f - goblin, p - goblin
Aim: a goblin, wielding a +0 club (inner flame, strong, 60% to hit)
You shoot a stone. The stone barely misses the goblin.
The goblin shouts!
The hobgoblin hits you.
* * * LOW HITPOINT WARNING * * *
The goblin hits you but does no damage. 😨 HP[-3]
You take 3 damage, and now have 9/28 hp.
Fire: 25 stones
Press: ? - help, Q - select action, (/) - cycle Shift-Dir - straight line, f/p - goblin
Aim: a goblin, wielding a +0 club (inner flame, strong, 60% to hit)
You shoot a stone. The stone closely misses the goblin.
The hobgoblin hits you.
* * * LOW HITPOINT WARNING * * *
Natasha mumbles some strange words.
The goblin misses you. The hobgoblin misses you. 😱 HP[-3]
You take 3 damage, and now have 6/28 hp.
You aren't carrying any scrolls.
Unknown command.
You feel much better.
A goblin comes into view. It is wielding a +0 dagger.
The goblin closely misses you. The hobgoblin misses you. 😎 HP[+22]
Your hp is fully restored (28).
The goblin hits you but does no damage. The hobgoblin closely misses you.
The goblin closely misses you. The hobgoblin barely misses you.
The goblin hits you with a +0 club.
The hobgoblin hits you but does no damage. 😕 HP[-4]
You take 4 damage, and now have 24/28 hp.
The crimson imp blinks!
The goblin hits you but does no damage.
Robin roars a battlecry!
The hobgoblin closely misses you.
You hear a shout! 😕 HP[+1]
The crimson imp blinks!
The goblin hits you with a +0 club.
The hobgoblin closely misses you. 😕 HP[-2]
You take 2 damage, and now have 23/28 hp.
The goblin hits you with a +0 club. The hobgoblin hits you. 😮 HP[-5]
You take 5 damage, and now have 18/28 hp.
The hobgoblin no longer looks unusually strong.
The goblin hits you but does no damage.
Robin says, "Bow before me, strongest of all the hobgoblins!"
The hobgoblin barely misses you.
A hobgoblin comes into view.
The goblin hits you with a +0 club.
Robin says, "My army is invincible!"
Robin roars a battlecry!
The hobgoblin goes into a battle-frenzy!
The hobgoblin barely misses you. 😮 HP[-2]
You take 2 damage, and now have 16/28 hp.
Natasha mumbles some strange words.
The goblin hits you but does no damage. The hobgoblin closely misses you.
The goblin no longer looks unusually strong. x2
The goblin hits you with a +0 club.
* * * LOW HITPOINT WARNING * * *
Robin says, "Kneel, worm!"
Robin roars a battlecry!
The goblins go into a battle-frenzy!
The hobgoblin hits you.
* * * LOW HITPOINT WARNING * * *
😨 HP[-6]
You take 6 damage, and now have 10/28 hp.
MASSIVE DAMAGE!! (PAUSE)
The goblin hits you with a +0 club.
* * * LOW HITPOINT WARNING * * *
The hobgoblin hits you.
* * * LOW HITPOINT WARNING * * *
😱 HP[-6]
You take 6 damage, and now have 4/28 hp.
MASSIVE DAMAGE!! (PAUSE)
The goblin hits you with a +0 club.
* * * LOW HITPOINT WARNING * * *
A giant cockroach comes into view.
You scream at the giant cockroach!
The hobgoblin closely misses you. 😱 HP[-2]
You take 2 damage, and now have 2/28 hp.
Unknown command.
The goblin hits you with a +0 club.
You die...

Skill      XL: |  1  2  3  4 |
---------------+-------------+-----
Stealth        | 1 2 |  2.4
Dodging        | 3 |  3.5
Fighting       | 3 |  3.0
Invocations    | 3 |  3.0
Short Blades   | |  2.8
Armour         | |  0.8

Action                   |  1- 3 |  4- 6 || total
-------------------------+-------+-------++-------
Melee: Short sword       |    89 |    16 ||   105
 Fire: Hunting sling     |     5 |    33 ||    38
Invok: Depart the Abyss  |     1 |       ||     1
  Use: Scroll            |     1 |     3 ||     4
       Potion            |     2 |     3 ||     5
Armor: Leather armour    |    18 |    19 ||    37
Dodge: Dodged            |    56 |    37 ||    93

Levels and vault maps discovered:
D:1:      ldierk_walled_garden, layout_loops_ring,
          shapermc_ecumenical_altar_rom_forum
D:2:      kennysheep_six_static_rooms, layout_basic, grunt_ministairs_6,
          kennysheep_generic_room_5, uniq_natasha, uniq_robin
D:3:      layout_loops_corners, uniq_terence

Notes
Turn   | Place    | Note
-------+----------+-------------------------------------------
     0 | Abyss:1  | spiderkeys the Deep Elf Abyssal Knight began the quest for
                  | the Orb.
     0 | Abyss:1  | Reached XP level 1. HP: 13/13 MP: 4/4
     0 | Abyss:1  | magus.rc [v1.9.10]
     3 | Abyss:1  | Found a corrupted altar of Lugonu.
    59 | Abyss:2  | Identified a scroll of acquirement
    59 | Abyss:2  | Acquired a +5 hunting sling of freezing
    60 | Abyss:2  | HP: 3/13 [something (10)]
    61 | D:1      | You pass through the gate.
    61 | D:1      | Escaped the Abyss
   509 | D:1      | Reached XP level 2. HP: 17/18 MP: 5/5
   673 | D:1      | Found a faded altar of an unknown god.
   679 | D:1      | Got Plato's Grimoire of the Compass
   731 | D:1      | Learned a level 1 spell: Apportation
   890 | D:1      | You add the spells Sting, Poisonous Vapours and Olgreb's
                  | Toxic Radiance to your library.
  1442 | D:2      | Reached skill level 1 in Stealth
  1449 | D:1      | Reached * piety under Lugonu
  1563 | D:2      | Gained mutation: You occasionally shout uncontrollably at
                  | your foes. [potion of mutation]
  1563 | D:2      | Gained mutation: You are partially covered in iridescent
                  | scales. (AC +2) [potion of mutation]
  1563 | D:2      | Gained mutation: You have hidden genetic defects. [potion
                  | of mutation]
  1563 | D:2      | HP: 3/18 [adder (3)]
  1570 | D:2      | Reached XP level 3. HP: 11/22 MP: 6/6
  1572 | D:2      | Gained mutation: Your magical capacity is low. (-10% MP)
                  | [hidden defects]
  1884 | D:2      | Reached skill level 3 in Dodging
  1905 | D:2      | Gained mutation: You frequently scream uncontrollably at
                  | your foes. [hidden defects]
  1905 | D:2      | Lost mutation: You have hidden genetic defects. [hidden
                  | defects expressed]
  2133 | D:2      | Noticed Natasha
  2136 | D:2      | Killed Natasha
  2137 | D:2      | Reached XP level 4. HP: 20/27 MP: 7/7
  2144 | D:2      | Noticed Natasha
  2494 | D:2      | Killed Natasha
  2495 | D:2      | Reached skill level 2 in Stealth
  2885 | D:2      | Reached skill level 3 in Fighting
  2885 | D:2      | Reached skill level 3 in Invocations
  3149 | D:2      | Noticed Natasha
  3159 | D:2      | Noticed Robin
  3164 | D:2      | HP: 6/28 [hobgoblin[Robin] (3)]
  3176 | D:2      | HP: 6/28 [goblin[Robin] (4)]
  3177 | D:2      | HP: 2/28 [goblin[Robin] (2)]
  3178 | D:2      | Slain by a goblin

Vanquished Creatures
  Natasha (twice) (D:2)
  4 adders (D:2)
  A worm (D:2)
  3 dart slugs
  2 endoplasms (D:1)
  A giant cockroach (D:2)
  6 goblins
  6 hobgoblins
  4 quokkas
  A ball python (D:2)
  2 bats (D:1)
  A frilled lizard (D:1)
  5 kobolds
  2 rats
40 creatures vanquished.

Vanquished Creatures (others)
  5 toadstools (D:1)
5 creatures vanquished.

Grand Total: 45 creatures vanquished

Table legend:
 A = Non-vault XP
 B = Vault XP
 C = Vault XP percentage of total XP
 D = Non-vault monster count
 E = Vault monster count
 F = Vault count percentage of total count
                 A         B        C        D         E       F
            +---------+---------+-------+---------+---------+-------
      Total |     128 |      65 |  33.7 |      31 |       9 |  22.5
            +---------+---------+-------+---------+---------+-------
        D:1 |      26 |       2 |   7.1 |      14 |       1 |   6.7
        D:2 |     100 |      61 |  37.9 |      16 |       7 |  30.4
        D:3 |       2 |       2 |  50.0 |       1 |       1 |  50.0
            +---------+---------+-------+---------+---------+-------

Illustrated notes

Table legend:
 A = Kills in this place as a percentage of kills in entire the game.
 B = Kills by you in this place as a percentage of kills by you in the entire game.
 C = Kills by friends in this place as a percentage of kills by friends in the entire game.
 D = Other kills in this place as a percentage of other kills in the entire game.
 E = Experience gained in this place as a percentage of experience gained in the entire game.
 F = Experience gained in this place divided by the number of levels of this place that you have seen.
                   A       B       C       D       E      F
               +-------+-------+-------+-------+-------+----------------------
         Total | 100.0 | 100.0 |   N/A |   N/A | 100.0 |  38.6
       Dungeon | 100.0 | 100.0 |   N/A |   N/A | 100.0 |  64.3
               +-------+-------+-------+-------+-------+----------------------

Table legend: (Time is in decaauts)
 A = Elapsed time spent in this place.
 B = Non-inter-level travel time spent in this place.
 C = Inter-level travel time spent in this place.
 D = Time resting spent in this place.
 E = Time spent auto-exploring this place.
 F = Levels seen in this place.
 G = Mean time per level.
                   A        B        C        D        E       F      G
               +--------+--------+--------+--------+--------+-----+--------+
         Total |   3199 |   3139 |     60 |   1240 |   1488 |   5 |  639.8 |
       Dungeon |   3139 |   3079 |     60 |   1240 |   1452 |   3 | 1046.3 |
         Abyss |     60 |     60 |      0 |      0 |     36 |   2 |   30.0 |
               +--------+--------+--------+--------+--------+-----+--------+

Top non-repeatable levels by time:
     D:1: 1468 daAuts
     D:2: 1351 daAuts
     D:3: 319 daAuts
 Abyss:2: 33 daAuts
 Abyss:1: 27 daAuts
